 Dungeon Crawl Stone Soup version 0.17.1-3-g152610e (webtiles) character file.

42 ololoev the Chopper (level 3, -2/31 HPs)
             Began as a Hill Orc Fighter on Mar 18, 2016.
             Slain by a giant gecko (3 damage)
             ... on level 3 of the Dungeon.
             The game lasted 00:01:50 (254 turns).

ololoev the Chopper (Hill Orc Fighter)               Turns: 254, Time: 00:01:50

Health: -2/31      AC:  7    Str: 19    XL:     3   Next: 56%
Magic:  3/3        EV:  9    Int:  8    God:
Gold:   41         SH:  0    Dex: 10    Spells: 0 memorised, 2 levels left

rFire  . . .     SeeInvis .     a - +0 war axe
rCold  . . .     Clarity  .     b - +0 scale mail
rNeg   . . .     SustAt   .     (no shield)
rPois  .         Gourm    .     (no helmet)
rElec  .         Spirit   .     (no cloak)
rCorr  .         Warding  .     (no gloves)
rMut   .         Stasis   .     (no boots)
MR     .....                    (no amulet)
Stlth  ..........               (no ring)
                                (no ring)

@: not resistant to hostile enchantments, extremely unstealthy
A: no striking features
a: no special abilities

Inventory:

Hand Weapons
 a - a +0 war axe (weapon)
Armour
 b - a +0 scale mail (worn)
 c - a +0 shield
Scrolls
 d - 3 scrolls of noise {unknown}
Comestibles
 e - a bread ration
 f - 2 meat rations
 h - a chunk of flesh


   Skills:
 - Level 3.6 Fighting
 * Level 4.2 Axes
 + Level 4.0 Armour
 - Level 3.2 Shields


You had 2 spell levels left.
You didn't know any spells.


You were on level 3 of the Dungeon.
You were not hungry.

You visited 1 branch of the dungeon, and saw 3 of its levels.

You collected 41 gold pieces.

#####...###.# #.....)##
#.# #..#...# #<#
#...#..####.#
##.........#.# #
#.............
#..#########......##.#..
#≈≈≈≈≈s≈≈≈≈#...#..##.#..
#≈.≈≈l@≈≈.≈............
########≈≈.###.#.##.#..
##..# .#.# ##. #.## .#..
. #.# .# ## ..# ....
....

Notes
Turn   | Place    | Note
--------------------------------------------------------------
     0 | D:1      | ololoev the Hill Orc Fighter began the quest for the Orb.
     0 | D:1      | Reached XP level 1. HP: 19/19 MP: 1/1
   120 | D:2      | Reached XP level 2. HP: 21/26 MP: 2/2
   160 | D:2      | Noticed Natasha
   168 | D:2      | Killed Natasha
   168 | D:2      | Reached skill level 4 in Axes
   168 | D:2      | Reached XP level 3. HP: 7/31 MP: 3/3
   197 | D:2      | You fall through a shaft!
   208 | D:2      | Found a stormy altar of Qazlal.
   252 | D:3      | HP: 1/31 [giant cockroach (2)]
   254 | D:3      | Slain by a giant gecko

Dungeon Overview and Level Annotations

Branches:
Dungeon (3/15)

Altars:
Qazlal


Message History

Moving in this stuff is going to be slow.
You now have 41 gold pieces (gained 11).
You enter the shallow water.
Moving in this stuff is going to be slow.
You hear the slow rusting of a drain.
You enter the shallow water.
Moving in this stuff is going to be slow.
A giant cockroach comes into view.
A giant gecko comes into view.
The giant cockroach closely misses you.
The giant cockroach bites you but does no damage.
Your unstable footing causes you to fumble your attack.
The giant cockroach closely misses you. The giant gecko closely misses you.
The giant cockroach bites you.
Unknown command.
Your unstable footing causes you to fumble your attack.
The giant gecko closely misses you. The giant cockroach bites you.
The giant gecko bites you but does no damage.
Unknown command.
Your unstable footing causes you to fumble your attack.
The giant cockroach bites you but does no damage.
The giant gecko barely misses you.
The giant cockroach bites you but does no damage.
Unknown command.
Drink which item? (? for menu, Esc to quit)
It was a potion of magic.
Magic courses through your body. The giant gecko closely misses you.
The giant cockroach bites you but does no damage.
Unknown command.
You miss the giant gecko. You closely miss the giant cockroach.
The giant gecko bites you. The giant cockroach bites you.
The giant gecko closely misses you. The giant cockroach barely misses you.
Unknown command.
Your unstable footing causes you to fumble your attack.
The giant gecko bites you but does no damage.
The giant cockroach bites you but does no damage.
Unknown command.
Your unstable footing causes you to fumble your attack.
The giant gecko bites you.
You die...

You could see a giant gecko and a giant cockroach.

Vanquished Creatures
  Natasha (D:2)
  An ooze (D:2)
  An orc (D:3)
  2 bats
  2 giant cockroaches (D:2)
  2 goblins
  2 hobgoblins
  2 kobolds
13 creatures vanquished.

Action                   || total
-------------------------++-------
Melee: War axe           ||    58
  Use: Potion            ||     2

Vault maps used:
D:1:      co_arrival_square_in_a_square_in_a_square, roderic_whirl
D:2:      nicolae_overflow_hidden_temple, uniq_natasha
D:3:      gup_sewer_entry_pipe, grunt_ministairs_6
